 Dungeon Crawl Stone Soup version 0.17-a0-2064-g265a032 (webtiles) character file.

7011 LSTMargal the Cleaver (level 10, -2/93 HPs)
             Began as a Minotaur Berserker on Oct 13, 2015.
             Was an Elder of Trog.
             Hit by a large rock thrown by a cyclops (37 damage)
             ... on level 11 of the Dungeon.
             The game lasted 00:37:23 (9412 turns).

LSTMargal the Cleaver (Minotaur Berserker)          Turns: 9412, Time: 00:37:23

Health: -2/93      AC: 19    Str: 30    XL:     10   Next: 82%
Magic:  9/9        EV: 19    Int:  4    God:    Trog [****..]
Gold:   225        SH:  0    Dex: 17    Spells: 0 memorised, 9 levels left

rFire  . . .     SeeInvis .     F - +0 war axe (protect)
rCold  . . .     Clarity  .     N - +1 chain mail {rPois}
rNeg   . . .     SustAt   .     (no shield)
rPois  +         Gourm    .     (helmet unavailable)
rElec  .         Spirit   .     (no cloak)
rCorr  .         Warding  .     w - +0 pair of gloves
rMut   .         Stasis   .     (no boots)
MR     .....                    (no amulet)
Stlth  ..........               (no ring)
                                (no ring)

@: mighty, agile, exhausted, slowed, very slow, not resistant to hostile
enchantments, extremely unstealthy
A: retaliatory headbutt, horns 3, strong 1
a: Burn Spellbooks, Berserk, Trog's Hand, Brothers in Arms, Renounce Religion


You were on level 11 of the Dungeon.
You worshipped Trog.
Trog was greatly pleased with you.
You were hungry.

You visited 1 branch of the dungeon, and saw 11 of its levels.
You also visited: Ossuary.

You collected 692 gold pieces.
You spent 467 gold pieces at shops.

Inventory:

Hand Weapons
 F - a +0 war axe of protection (weapon)
Armour
 w - a +0 pair of gloves (worn)
 N - a +1 chain mail of poison resistance (worn)
 U - a +0 ring mail of fire resistance
Jewellery
 b - a +1 ring of protection {unknown}
 y - a +3 ring of evasion {unknown}
 H - an uncursed ring of wizardry {unknown}
Wands
 a - a wand of teleportation (5)
 c - a wand of fire (9)
 K - a wand of enslavement (9)
 M - a wand of frost (27)
 T - a wand of draining (6)
Scrolls
 e - 6 scrolls of teleportation
 g - 5 scrolls of remove curse
 h - 7 scrolls of identify
 i - 4 scrolls of fear
 j - a scroll of recharging {unknown}
 k - 2 scrolls of enchant armour
 r - a scroll of blinking {unknown}
 C - a scroll of fog {unknown}
Potions
 l - a potion of cancellation
 m - 3 potions of heal wounds
 q - 2 potions of flight {unknown}
 v - a potion of degeneration {unknown}
 x - 2 potions of curing {unknown}
 z - 2 potions of brilliance
 B - a potion of cure mutation {unknown}
 G - 2 potions of might
 J - a potion of ambrosia {unknown}
 L - a potion of poison
 O - a potion of mutation {unknown}
 Q - a potion of magic {unknown}
 X - a potion of lignification {unknown}
Books
 S - a book of Annihilations

   Spells                             Type                      Level
   a - Poison Arrow                   Conjuration/Poison           6
   b - Chain Lightning                Conjuration/Air              8
   c - Lehudib's Crystal Spear        Conjuration/Earth            8
   d - Glaciate                       Conjuration/Ice              9
   e - Fire Storm                     Conjuration/Fire             9
   Trog disapproves of the use of such an item.
 W - a book of Dreams

   Spells                             Type                      Level
   a - Ensorcelled Hibernation        Hexes/Ice                    2
   b - Phase Shift                    Translocation                5
   c - Shadow Creatures               Summoning                    5
   d - Silence                        Hexes/Air                    5
   e - Darkness                       Hexes                        6
   f - Mass Confusion                 Hexes                        6
   Trog disapproves of the use of such an item.
Comestibles
 d - 3 beef jerkies
 f - 9 royal jellies
 n - 7 meat rations
 o - 3 fruits
 u - 4 slices of pizza
 E - 4 bread rations


   Skills:
 - Level 10.3 Fighting
 * Level 11.4 Axes
 * Level 11.3 Armour
 * Level 7.4 Dodging


You had 9 spell levels left.
You didn't know any spells.

Dungeon Overview and Level Annotations

Branches:
Dungeon (11/15)
 Temple: D:4-7         Lair: D:8-11         Orc: D:9-12

Altars:
Makhleb

Shops:
D:4 %   D:10 ?


Innate Abilities, Weirdness & Mutations

You reflexively headbutt those who attack you in melee.
You have a pair of large horns on your head.
Your muscles are strong. (Str +2)


Message History

The noxious blast misses you.
The iguana is engulfed in noxious fumes.
The iguana appears confused.
The swamp drake bites you but does no damage.
Drink which item? (? for menu, Esc to quit)
You feel very mighty all of a sudden.
The swamp drake bites you but does no damage.
The cyclops is engulfed in noxious fumes.
The cyclops appears confused.
The cyclops is engulfed in noxious fumes.
The swamp drake closely misses you. You furiously retaliate!
You headbutt the swamp drake!
The cyclops chortles and stares into space.
You slice the swamp drake!! You headbutt the swamp drake.
You kill the swamp drake!
Trog accepts your kill.
The cyclops mumbles something.
The cyclops seems less confused.
The cyclops throws a large rock.
The large rock hits you!!!
You die...

### ###.## ###
###..#.####.#####
#.#C##.(........##
#####........###....##
#...l.(..@.####.###..####
.........####.#
####.##...## ......#..#
## #######.. .#...####.
#.## ..### ## ### #
########################
.........................


You could see a cyclops and an iguana (confused).

Vanquished Creatures
  A hill giant (D:11)
  A cyclops (D:11)
  A centaur skeleton (D:10)
  2 komodo dragons (D:11)
  A troll (D:9)
  2 wraiths (Ossuary)
  2 wyverns
  A deep elf mage (D:9)
  3 hungry ghosts
  A soldier ant (D:10)
  Edmund (D:5)
  2 sky beasts
  An eye of draining (D:10)
  3 ice beasts
  3 phantoms
  A swamp drake (D:11)
  2 orc warriors
  A black bear (D:9)
  A centaur (D:5)
  5 ogres
  A wasp (D:10)
  A crocodile (D:11)
  3 giant frogs (D:8)
  A brain worm (D:10)
  5 killer bees (D:9)
  3 scorpions
  A water moccasin skeleton (D:8)
  A wyvern skeleton (D:10)
  2 wights (Ossuary)
  2 orc priests
  8 orc wizards
  A giant frog skeleton (D:9)
  A hound (D:9)
  3 jellies
  8 worker ants
  8 iguanas
  A hound zombie (D:9)
  A mummy (D:6)
  A worker ant zombie (D:8)
  4 adders
  7 gnolls
  3 shadow imps
  An ooze (D:6)
  3 adder zombies (Ossuary)
  4 adder skeletons
  3 worms
  6 giant geckos
  31 orcs
  5 bats
  6 giant cockroaches
  8 hobgoblins
  10 jackals
  3 kobolds
  5 giant newts
  7 goblins
  A goblin zombie (D:6)
  A hobgoblin skeleton (Ossuary)
  A hobgoblin zombie (Ossuary)
  3 kobold zombies
  An orc skeleton (Ossuary)
  An orc zombie (Ossuary)
  4 quokkas
  A quokka skeleton (D:4)
  3 rats
209 creatures vanquished.

Notes
Turn   | Place    | Note
--------------------------------------------------------------
     0 | D:1      | LSTMargal the Minotaur Berserker began the quest for the Orb.
     0 | D:1      | Reached XP level 1. HP: 19/19 MP: 0/0
    60 | D:1      | Reached XP level 2. HP: 18/27 MP: 1/1
   370 | D:1      | Reached skill level 4 in Fighting
   769 | D:1      | Reached XP level 3. HP: 33/33 MP: 2/2
   801 | D:1      | Reached ** piety under Trog
  1611 | D:3      | Reached XP level 4. HP: 38/41 MP: 3/3
  1727 | D:3      | Noticed a scorpion
  1737 | D:3      | Killed a scorpion
  2097 | D:3      | Reached XP level 5. HP: 47/47 MP: 4/4
  2174 | D:4      | Reached skill level 5 in Fighting
  2281 | D:4      | Reached *** piety under Trog
  2369 | D:4      | Found Ferim's Food Emporium.
  2398 | D:4      | Bought a meat ration for 50 gold pieces
  2398 | D:4      | Bought a slice of pizza for 15 gold pieces
  2398 | D:4      | Bought a beef jerky for 15 gold pieces
  2398 | D:4      | Bought a slice of pizza for 15 gold pieces
  2398 | D:4      | Bought a slice of pizza for 15 gold pieces
  2776 | D:4      | Reached skill level 5 in Axes
  2776 | D:4      | Reached XP level 6. HP: 40/56 MP: 5/5
  3005 | D:4      | Noticed a phantom
  3014 | D:4      | Killed a phantom
  3225 | D:4      | Reached skill level 5 in Dodging
  4001 | D:4      | Reached skill level 6 in Fighting
  4034 | D:5      | Entered Level 5 of the Dungeon
  4044 | D:5      | Reached XP level 7. HP: 63/63 MP: 6/6
  4271 | D:5      | Noticed Edmund
  4277 | D:5      | Killed Edmund
  4539 | D:5      | Reached skill level 5 in Armour
  4848 | D:6      | Reached XP level 8. HP: 71/71 MP: 7/7
  5032 | D:6      | Reached skill level 7 in Fighting
  5241 | D:6      | Found a sand-covered staircase.
  5249 | Ossuary  | Entered an ossuary
  6262 | D:7      | Gained mutation: Your muscles are strong. (Str +2) [potion of beneficial mutation]
  6263 | D:7      | Gained mutation: You have a pair of large horns on your head. [potion of beneficial mutation]
  6400 | D:8      | Reached skill level 8 in Axes
  6435 | D:8      | Reached XP level 9. HP: 80/80 MP: 8/8
  6458 | D:8      | Reached **** piety under Trog
  6819 | D:8      | Reached skill level 9 in Axes
  7842 | D:9      | Found a burning altar of Makhleb.
  7867 | D:9      | Reached skill level 10 in Axes
  7929 | D:9      | Reached XP level 10. HP: 62/91 MP: 9/9
  8244 | D:10     | Entered Level 10 of the Dungeon
  8469 | D:10     | Found Qasarurph's Magic Scroll Boutique.
  8477 | D:10     | Bought a scroll of brand weapon for 220 gold pieces
  8477 | D:10     | Bought a scroll of identify for 22 gold pieces
  8477 | D:10     | Bought a scroll of remove curse for 33 gold pieces
  8477 | D:10     | Bought a scroll of enchant armour for 82 gold pieces
  8591 | D:10     | Reached skill level 10 in Armour
  8935 | D:11     | Noticed a hill giant
  8935 | D:11     | Noticed a cyclops
  8943 | D:11     | Killed a cyclops
  8948 | D:11     | Killed a hill giant
  8948 | D:11     | Reached skill level 10 in Fighting
  8948 | D:11     | Reached skill level 11 in Axes
  9390 | D:11     | Noticed a cyclops
  9412 | D:11     | Hit by a large rock thrown by a cyclops

Vault maps used:
D:1:      eino_arrival_tree_alley
D:3:      uniq_grinder, uniq_natasha
D:4:      first_bread, serial_shops, shop
D:5:      minmay_temple_entry_enclosed_plants, st_stairs_13,
          kennysheep_generic_room_14, uniq_edmund
D:6:      nicolae_ossuary_entry_giza, kennysheep_generic_room_12
D:7:      enter_bailey_2
D:9:      lemuel_crystal_altar
D:10:     serial_shops, shop, hangedman_pestilent_swarm
D:11:     erik_lair_dragon, orc_0_dummy, basic_altar, kennysheep_path_1,
          uniq_snorg
Ossuary:  ossuary_due_cavern

Action                   |  1- 3 |  4- 6 |  7- 9 | 10-12 || total
-------------------------+-------+-------+-------+-------++-------
Melee: Hand axe          |    99 |   102 |    80 |       ||   281
       War axe           |       |       |   204 |   129 ||   333
Invok: Berserk           |     1 |     7 |    12 |     3 ||    23
       Trog's Hand       |       |     2 |     2 |       ||     4
  Use: Scroll            |       |     1 |     6 |     2 ||     9
       Potion            |       |       |     8 |     3 ||    11
  Eat: Chunk             |     1 |     6 |    17 |     7 ||    31
       Bread ration      |     1 |     1 |       |       ||     2
       Beef jerky        |       |     1 |     2 |     1 ||     4
       Fruit             |       |       |     3 |     1 ||     4
       Meat ration       |       |       |     1 |       ||     1
